 Dungeon Crawl Stone Soup version 0.25.1-2-g60ff931df9 (webtiles) character file.

Game seed: 12598458706690868463

50507 funkygono the Destroyer (level 14, -5/95 HPs)
             Began as a Demonspawn Conjurer on Sept 30, 2020.
             Was a High Priest of Vehumet.
             Incinerated by Azrael (6 damage)
             ... with a sticky flame
             ... on level 1 of the Orcish Mines on Oct 1, 2020.
             The game lasted 01:22:10 (28756 turns).

funkygono the Destroyer (Demonspawn Conjurer)      Turns: 28756, Time: 01:22:10

Health: -5/95      AC: 10    Str:  8    XL:     14   Next: 20%
Magic:  22/30      EV: 22    Int: 25    God:    Vehumet [*****.]
Gold:   1562       SH:  5    Dex: 21    Spells: 12/38 levels left

rFire    . . .     SeeInvis .   M - +7 glaive "Bito" {vamp, +Blink rC- Int+4}
rCold    . . .     Gourm    .   (shield currently unavailable)
rNeg     . . .     Faith    .   e - +2 robe {MR+}
rPois    .         Spirit   .   S - +0 helmet (curse)
rElec    .         Reflect  +   m - +1 cloak
rCorr    .         Harm     .   s - +2 pair of gloves
MR       ++...                  (boots unavailable)
Stlth    ++........             q - amulet of reflection
HPRegen  0.25/turn              i - +6 ring of dexterity
MPRegen  0.22/turn              O - ring of protection from cold

@: liquid flames, glowing
A: talons 3, repulsion field 2, demonic guardian 2, spiny 2
a: Renounce Religion, Evoke Blink


You were on level 1 of the Orcish Mines.
You worshipped Vehumet.
Vehumet was extremely pleased with you.
You were not hungry.

You visited 4 branches of the dungeon, and saw 19 of its levels.
You also visited: Volcano.

You collected 1562 gold pieces.

Inventory:

Hand Weapons
 f - a +3 mace of protection
 A - a +2 whip of distortion
 M - the +7 glaive "Bito" (weapon) {vamp, +Blink rC- Int+4}
   (You found it on level 4 of the Lair of Beasts)

   It inflicts no extra harm, but heals its wielder when it wounds a living foe.
   It affects your intelligence (+4).
   It makes you vulnerable to cold.
   It lets you blink.
Armour
 e - a +2 robe of magic resistance (worn)
 j - a +2 leather armour of magic resistance
 m - a +1 cloak (worn)
 s - a +2 pair of gloves (worn)
 x - +0 swamp dragon scales
 F - +0 fire dragon scales
 S - a cursed +0 helmet (worn)
Magical Staves
 b - an uncursed staff of wizardry
 w - an uncursed staff of cold
Jewellery
 i - a +6 ring of dexterity (left hand)
 q - an amulet of reflection (around neck)
 O - a ring of protection from cold (right hand)
Wands
 k - a wand of iceblast (9)
 l - a wand of polymorph (15)
 r - a wand of random effects (40)
 H - a wand of paralysis (6)
 K - a wand of flame (8)
 N - a wand of clouds (5)
 R - a wand of enslavement (3)
Scrolls
 d - 4 scrolls of blinking
 n - 5 scrolls of teleportation
 o - 5 scrolls of remove curse
 y - 2 scrolls of summoning
 E - 4 scrolls of magic mapping
 I - 3 scrolls of amnesia
 L - a scroll of fear
 P - a scroll of fog
 Q - a scroll of identify
Potions
 a - 3 potions of flight
 g - 2 potions of magic
 h - 3 potions of stabbing
 t - 2 potions of ambrosia
 u - 3 potions of heal wounds
 v - 2 potions of lignification
 z - a potion of berserk rage
 B - a potion of might
 C - 4 potions of brilliance
 D - 2 potions of resistance
 G - 3 potions of curing
 J - 2 potions of haste
Comestibles
 c - 24 rations


   Skills:
 + Level 4.1 Fighting
 + Level 5.5 Maces & Flails
 + Level 1.5 Polearms
 + Level 8.3 Dodging
 - Level 5.0 Stealth
 + Level 12.8 Spellcasting
 + Level 13.3 Conjurations
 + Level 0.1 Hexes
 + Level 2.9 Transmutations
 + Level 6.3 Fire Magic
 + Level 3.1 Ice Magic
 + Level 2.5 Air Magic
 + Level 4.7 Poison Magic


You had 12 spell levels left.
You knew the following spells:

 Your Spells              Type           Power        Failure   Level  Hunger
a - Magic Dart            Conj           ####         0%          1    None
b - Searing Ray           Conj           ######       0%          2    None
c - Foxfire               Conj/Fire      ####         1%          1    None
d - Dazzling Flash        Conj/Hex       #####.       1%          3    None
e - Hailstorm             Conj/Ice       ######..     1%          4    None
f - Conjure Flame         Conj/Fire      ######..     1%          3    None
g - Ignite Poison         Fire/Tmut/Pois #####...     1%          3    None
h - Mephitic Cloud        Conj/Pois/Air  ######..     1%          3    None
i - Ozocubu's Refrigerat  Ice            ####......   36%         6    #####..

Your spell library contained the following spells:

 Spells                   Type           Power        Failure   Level  Hunger
 Airstrike                Air            ####......   3%          4    None
 Freeze                   Ice            ####         1%          1    None
 Sandblast                Erth           ###...       1%          1    None
 Frozen Ramparts          Ice            ####..       1%          3    None
 Stone Arrow              Conj/Erth      #####.       1%          3    None
 Fulminant Prism          Conj/Hex       #####.....   1%          4    None
 Iskenderun's Mystic Bla  Conj/Tloc      #####...     1%          4    None
 Passwall                 Tmut/Erth      ###.....     3%          2    None
 Ozocubu's Armour         Chrm/Ice       ###.....     6%          3    None
 Summon Ice Beast         Ice/Summ       ###.....     19%         4    None
 Petrify                  Tmut/Erth      ###.....     21%         4    None
 Lee's Rapid Deconstruct  Erth           ###.......   26%         5    ###....


Dungeon Overview and Level Annotations

Branches:
Dungeon (10/15)            Temple (1/1) D:5            Lair (6/6) D:8
 Shoals (0/4) Lair:4       Spider (0/4) Lair:2        Slime (0/5) Lair:6
    Orc (2/2) D:10        Volcano (visited)
    Elf: Orc:2

Altars:
Ashenzari
Cheibriados
Dithmenos
Elyvilon
Fedhas
Gozag
Hepliaklqana
Kikubaaqudgha
Makhleb
Nemelex Xobeh
Okawaru
Qazlal
Ru
Sif Muna
Trog
Uskayaw
Vehumet
Wu Jian
Xom
Yredelemnul
Zin
The Shining One
Jiyva

Shops:
D:4 *   D:9 %

Annotations:
D:10 2 transporters
Lair:2 3 runed translucent doors, sixsigma's ghost, journeyman GnWz
Lair:3 1 runed translucent door, Kegircha's ghost, journeyman FoCj
Orc:2 Azrael; Sonja


Innate Abilities, Weirdness & Mutations

You have claws for feet.
You are surrounded by a moderate repulsion field. (EV +3)
A demonic guardian rushes to your aid.
You are mostly covered in sharp spines.


Message History

Sonja mumbles some strange words.
Sonja blinks!
Azrael hits you with a +4 scimitar of flaming!
* * * LOW HITPOINT WARNING * * *
Azrael burns you.
* * * LOW HITPOINT WARNING * * *
You feel much better.
Sonja bows elegantly.
Azrael gestures at you. The sticky flame hits you!
You are covered in liquid flames!
* * * LOW HITPOINT WARNING * * *
There is a stone staircase leading up here.
You are covered in liquid flames!
* * * LOW HITPOINT WARNING * * *
Sonja throws a curare-tipped dart.
The curare-tipped dart misses you. The orc hits you but does no damage.
You climb upwards.
You are covered in liquid flames!
You die...

##### #...###
##.#.###..##.###
##.....#........##
##.#...##.........#
#.............##.###
##...........#.###.##
##.............#...#
##.........).#...####
###.#<@..........#.##
##.##..o.............#
#...................##
##.##.#...#.........####
##......#.............#.#
#....#.............#.....
##......#.......#..#....#
##......................#
#.......##......#..#...##


You could see an orc.

Vanquished Creatures
  2 hydras
  2 lindwurms (Volcano)
  10 elephants
  Joseph (D:7)
  4 black mambas
  5 molten gargoyles
  9 komodo dragons
  10 spiny frogs
  2 rime drakes
  6 polar bears
  2 trolls
  Prince Ribbit (D:7)
  7 hippogriffs
  3 blink frogs (Lair:6)
  A snapping turtle (Lair:4)
  2 wyverns
  A vampire (D:10)
  2 basilisks
  8 fire elementals
  31 yaks
  6 humans (D:10)
  A soldier ant (D:10)
  4 wargs
  17 hell hounds
  The ghost of Farlane the Firebug, an amateur DEFE (D:3)
  9 water moccasins
  Duvessa (D:4)
  6 porcupines
  An ice beast (D:7)
  3 sky beasts
  A phantom (D:7)
  6 orc warriors
  12 black bears
  A necrophage (D:7)
  5 ogres
  35 wolves
  7 crocodiles
  5 centaurs
  5 big kobolds
  11 bullfrogs
  2 earth elementals (Volcano)
  Dowan (D:4)
  3 scorpions
  3 wights (D:10)
  2 howler monkeys
  5 lava snakes (Lair:3)
  2 electric eels
  A bullfrog zombie (D:5)
  4 crimson imps
  A quasit (D:9)
  2 centaur zombies
  6 hounds
  5 orc priests
  A jelly (D:6)
  A bullfrog skeleton (D:8)
  Terence (D:3)
  19 orc wizards
  3 iguanas
  11 worker ants
  3 killer bee zombies
  A hound skeleton (D:4)
  Robin (D:3)
  15 gnolls
  6 adders
  2 oozes
  An adder zombie (D:10)
  3 dart slugs
  4 leopard geckos
  48 orcs
  8 bats
  2 giant cockroaches (D:2)
  15 goblins
  6 hobgoblins
  8 jackals
  5 quokkas
  A ball python (D:6)
  A ball python skeleton (D:5)
  4 frilled lizards
  16 kobolds
  A leopard gecko skeleton (D:8)
  A quokka zombie (D:4)
  10 rats
  2 fire vortices (Volcano)
  5 fungi
  A plant (Lair:6)
489 creatures vanquished.

Vanquished Creatures (collateral kills)
  Nessos (Lair:5)
  6 hydras
  4 oklob plants
  A deep elf mage (D:10)
  2 black mambas
  5 elephants
  5 spiny frogs
  Maggie (D:7)
  2 komodo dragons
  2 efreet (Volcano)
  A troll (D:5)
  4 polar bears (Lair:6)
  4 blink frogs
  3 hippogriffs
  A raiju (Lair:6)
  A vampire (D:7)
  Sigmund (D:2)
  A wyvern (Lair:6)
  12 yaks
  2 fire elementals (Volcano)
  5 wargs
  A water moccasin (Lair:6)
  A porcupine (Lair:2)
  A hell hound (Lair:6)
  An ice beast (D:8)
  2 black bears (Lair:6)
  2 wolves (Lair:3)
  A bullfrog (Lair:1)
  An earth elemental (Volcano)
  An orc wizard (D:6)
  An orc priest (D:7)
  A gnoll shaman (Orc:2)
  A leopard gecko (D:2)
  4 orcs
  A bush (Lair:2)
  A fire vortex (Volcano)
  3 plants
87 creatures vanquished.

Vanquished Creatures (others)
  An orc wizard (D:2)
  2 gnolls (Orc:2)
  179 foxfires
  10 fungi
  12 plants
204 creatures vanquished.

Grand Total: 780 creatures vanquished

Notes
Turn   | Place    | Note
-------+----------+-------------------------------------------
     0 | D:1      | funkygono the Demonspawn Conjurer began the quest for the
                  | Orb.
     0 | D:1      | Reached XP level 1. HP: 13/13 MP: 3/3
   542 | D:1      | Gained mutation: A weak demonic guardian rushes to your
                  | aid. [demonic ancestry]
   542 | D:1      | Reached XP level 2. HP: 19/19 MP: 1/5
   825 | D:1      | Learned a level 2 spell: Searing Ray
  1150 | D:2      | Gained mutation: A demonic guardian rushes to your aid.
                  | [demonic ancestry]
  1150 | D:2      | Reached XP level 3. HP: 24/24 MP: 1/6
  1277 | D:2      | Noticed Sigmund
  1548 | D:1      | Reached skill level 5 in Conjurations
  1808 | D:2      | Killed Sigmund
  1808 | D:2      | Gained mutation: You have sharp toenails. [demonic
                  | ancestry]
  1808 | D:2      | Reached XP level 4. HP: 30/30 MP: 1/8
  1808 | D:2      | Reached XP level 5. HP: 35/35 MP: 1/9
  2924 | D:3      | Reached skill level 1 in Maces & Flails
  2932 | D:3      | Reached XP level 6. HP: 42/42 MP: 4/11
  3071 | D:3      | You fall into a shaft and drop 2 floors!
  3071 | D:5      | Entered Level 5 of the Dungeon
  3111 | D:3      | Noticed Robin
  3118 | D:3      | Noticed Terence
  3120 | D:3      | Killed Robin
  3129 | D:3      | Killed Terence
  3292 | D:3      | Reached skill level 1 in Fighting
  3505 | D:3      | Found a runed translucent gate.
  3505 | D:3      | Found a runed translucent gate.
  3506 | D:3      | Found a runed translucent gate.
  3506 | D:3      | Noticed Farlane's ghost (amateur DEFE)
  3936 | D:3      | Reached skill level 6 in Conjurations
  3972 | D:3      | Gained mutation: You are surrounded by a mild repulsion
                  | field. (EV +2) [demonic ancestry]
  3972 | D:3      | Reached XP level 7. HP: 41/48 MP: 10/13
  4100 | D:4      | Noticed Duvessa
  4187 | D:4      | Noticed Dowan
  4193 | D:4      | Killed Duvessa
  4329 | D:4      | Killed Dowan
  4939 | D:4      | Found Hyoxka's General Store.
  5085 | D:4      | Found a stormy altar of Qazlal.
  5384 | D:5      | Found a staircase to the Ecumenical Temple.
  5388 | D:5      | Gained mutation: You are surrounded by a moderate repulsion
                  | field. (EV +3) [demonic ancestry]
  5388 | D:5      | Reached XP level 8. HP: 53/56 MP: 11/15
  5392 | D:5      | Reached skill level 5 in Spellcasting
  5475 | Temple   | Entered the Ecumenical Temple
  5730 | Temple   | Became a worshipper of Vehumet
  5967 | D:5      | Noticed a troll
  5978 | D:5      | Killed a troll
  5978 | D:5      | Reached skill level 7 in Conjurations
  6253 | D:5      | Found a glowing golden altar of the Shining One.
  6701 | D:6      | Gained mutation: You have razor-sharp toenails. [demonic
                  | ancestry]
  6701 | D:6      | Reached XP level 9. HP: 62/62 MP: 1/18
  7023 | D:6      | Reached * piety under Vehumet
  7023 | D:6      | Offered knowledge of Foxfire by Vehumet.
  7035 | D:6      | Learned a level 1 spell: Foxfire
  7294 | D:6      | Reached skill level 8 in Conjurations
  8398 | D:7      | Reached skill level 1 in Fire Magic
  8529 | D:7      | Found an iron altar of Okawaru.
  8634 | D:7      | Noticed Prince Ribbit
  8640 | D:7      | Killed Prince Ribbit
  8835 | D:7      | Noticed Joseph
  8846 | D:7      | Killed Joseph
  8846 | D:7      | Reached skill level 9 in Conjurations
  9253 | D:7      | Found a burning altar of Makhleb.
  9408 | D:7      | Noticed Maggie
  9419 | D:7      | Killed Maggie
  9419 | D:7      | Reached XP level 10. HP: 58/69 MP: 21/21
  9587 | D:8      | Offered knowledge of Sandblast by Vehumet.
  9595 | D:8      | Reached ** piety under Vehumet
  9605 | D:8      | Found a staircase to the Lair.
  9619 | D:8      | Reached skill level 5 in Maces & Flails
 10453 | D:8      | Learned a level 3 spell: Dazzling Flash
 10458 | D:8      | Learned a level 4 spell: Hailstorm
 10479 | Lair:1   | Entered Level 1 of the Lair of Beasts
 10663 | Lair:1   | Noticed a spiny frog
 10668 | Lair:1   | Killed a spiny frog
 10722 | Lair:1   | Reached skill level 5 in Dodging
 10783 | Lair:1   | Offered knowledge of Conjure Flame by Vehumet.
 10788 | Lair:1   | Reached skill level 10 in Conjurations
 10797 | Lair:1   | Learned a level 3 spell: Conjure Flame
 10934 | Lair:1   | Noticed a spiny frog
 10939 | Lair:1   | Killed a spiny frog
 11075 | Lair:1   | Noticed a five-headed hydra
 11083 | Lair:1   | Killed a five-headed hydra
 11175 | Lair:1   | Reached *** piety under Vehumet
 11175 | Lair:1   | Gained mutation: You have claws for feet. [demonic
                  | ancestry]
 11175 | Lair:1   | Reached XP level 11. HP: 74/74 MP: 19/23
 11310 | Lair:1   | Noticed an oklob plant
 11311 | Lair:1   | Noticed an oklob plant
 11311 | Lair:1   | Noticed an oklob plant
 11326 | Lair:1   | Killed an oklob plant
 11346 | Lair:1   | Killed an oklob plant
 11644 | Lair:1   | Killed an oklob plant
 12259 | Lair:2   | Offered knowledge of Ignite Poison by Vehumet.
 12264 | Lair:2   | Learned a level 3 spell: Ignite Poison
 12565 | Lair:2   | Found a runed translucent gate.
 12565 | Lair:2   | Found a runed translucent gate.
 12565 | Lair:2   | Found a runed translucent gate.
 12573 | Lair:2   | Found a hole to the Spider Nest.
 12579 | Lair:2   | Noticed sixsigma's ghost (journeyman GnWz)
 12581 | Lair:2   | Found a viscous altar of Jiyva.
 12672 | Lair:2   | Reached skill level 11 in Conjurations
 12910 | Lair:2   | Noticed an oklob plant
 12946 | Lair:2   | Killed an oklob plant
 13673 | D:5      | Paralysed by fainting for 7 turns
 13683 | D:5      | Paralysed by fainting for 7 turns
 13798 | D:3      | Reached skill level 5 in Fire Magic
 13800 | D:3      | Reached skill level 10 in Spellcasting
 13806 | D:3      | Killed Farlane's ghost
 14783 | Lair:3   | Found a runed translucent door.
 14810 | Lair:3   | Found a dark tunnel.
 14815 | Volcano  | Entered a volcano
 14825 | Volcano  | Reached **** piety under Vehumet
 15106 | Volcano  | Noticed a lindwurm
 15106 | Volcano  | Noticed a lindwurm
 15157 | Volcano  | Killed a lindwurm
 15157 | Volcano  | Offered knowledge of Mephitic Cloud by Vehumet.
 15157 | Volcano  | Reached skill level 1 in Ice Magic
 15266 | Volcano  | Killed a lindwurm
 15266 | Volcano  | Reached XP level 12. HP: 81/81 MP: 16/26
 15992 | Volcano  | HP: 1/81 [something (20)]
 16613 | Lair:3   | Learned a level 3 spell: Mephitic Cloud
 16772 | Lair:3   | Noticed Kegircha's ghost (journeyman FoCj)
 17175 | Lair:3   | Noticed a seven-headed hydra
 17182 | Lair:3   | Killed a seven-headed hydra
 18276 | Lair:3   | Reached skill level 12 in Conjurations
 18533 | Lair:4   | Reached skill level 1 in Poison Magic
 18682 | Lair:4   | Reached skill level 5 in Stealth
 18719 | Lair:4   | HP: 2/81 [spiny frog (9)]
 19170 | Lair:4   | Found a staircase to the Shoals.
 19185 | Lair:4   | HP: 3/81 [snapping turtle (9)]
 19918 | Lair:4   | Got an ancient glaive
 20598 | Lair:5   | Reached skill level 1 in Transmutations
 20886 | Lair:5   | Noticed Nessos
 20893 | Lair:5   | Noticed an eight-headed hydra
 20897 | Lair:5   | Killed Nessos
 20897 | Lair:5   | Reached skill level 1 in Air Magic
 20898 | Lair:5   | Killed an eight-headed hydra
 21254 | Lair:6   | Entered Level 6 of the Lair of Beasts
 21254 | Lair:6   | Noticed a seven-headed hydra
 21257 | Lair:6   | Gained mutation: You are partially covered in sharp spines.
                  | [demonic ancestry]
 21257 | Lair:6   | Reached XP level 13. HP: 82/87 MP: 18/28
 22386 | Lair:6   | Reached ***** piety under Vehumet
 22413 | Lair:6   | Offered knowledge of Ozocubu's Refrigeration by Vehumet.
 22560 | Lair:6   | Found a staircase to the Slime Pits.
 22560 | Lair:6   | Found a viscous altar of Jiyva.
 23209 | Lair:6   | Reached skill level 13 in Conjurations
 24123 | Lair:6   | Learned a level 6 spell: Ozocubu's Refrigeration
 25989 | D:9      | Found Boed's Food Boutique.
 26034 | D:9      | Gained mutation: You are mostly covered in sharp spines.
                  | [demonic ancestry]
 26034 | D:9      | Reached XP level 14. HP: 95/95 MP: 20/30
 26438 | D:9      | Identified the +7 glaive "Bito" {vamp, +Blink rC- Int+4}
                  | (You found it on level 4 of the Lair of Beasts)
 26450 | D:10     | Entered Level 10 of the Dungeon
 26452 | D:10     | Found a transporter.
 26646 | D:10     | Found a transporter.
 26791 | D:10     | Offered knowledge of Airstrike by Vehumet.
 27221 | D:10     | Reached skill level 1 in Polearms
 27243 | D:10     | Found a staircase to the Orcish Mines.
 27962 | Orc:1    | Entered Level 1 of the Orcish Mines
 28206 | Orc:2    | Entered Level 2 of the Orcish Mines
 28217 | Orc:2    | Noticed Azrael
 28453 | Orc:2    | Noticed Sonja
 28752 | Orc:2    | HP: 3/95 [Azrael/+4 scimitar of flaming (3)]
 28755 | Orc:2    | HP: 1/95 [burnt (8)]
 28756 | Orc:1    | Incinerated by Azrael

Illustrated notes

Levels and vault maps discovered:
D:1:      mushboom_english_gardens, layout_loops_corners
D:2:      layout_rooms, grunt_decor_resistance, uniq_sigmund
D:3:      layout_basic, gammafunk_ghost_nasty_kobolds, portal_sewer_entry_a,
          uniq_robin, uniq_terence
D:4:      layout_basic, kennysheep_mini_moat, serial_shops, shop, first_ration,
          eino_small_chamber_without_monster, chequers_serial_rivers_small_b,
          uniq_duvessa
D:5:      layout_cave_pools, marbit_many_paths, minmay_temple_entry_junction
D:6:      layout_basic, grunt_tough_drop
D:7:      layout_loops_ring, makhleb_grotto_becter, overflow_temple_1_default,
          uniq_joseph, uniq_maggie, uniq_prince_ribbit1
D:8:      layout_basic, due_lair_maze_entry_diamond
D:9:      layout_small_grid, serial_shops, shop_fountains
D:10:     gammafunk_jiyva_shrine, layout_gridville, minmay_orc_entry_guard_dogs,
          st_stairs_6, blue_anna_alchemist [blue_anna_fruit_fields,
          blue_anna_fruit_fields], minmay_ruffians
Temple:   dpeg_five_rooms_temple
Lair:1:   layout_roguey, serial_forest, infiniplex_forest_zigzag_1,
          infiniplex_forest_clump_C, infiniplex_forest_lined_1,
          infiniplex_forest_lined_3_way, infiniplex_forest_straight_3,
          minmay_lair_oklob_chamber, infiniplex_staircase_pool
Lair:2:   layout_roguey, spider_nest_entry_web_field, gammafunk_ghost_ooze,
          minmay_lair_oklob_bushes, serial_bayou_shore_b
Lair:3:   cheibrodos_magma_flow, layout_regular_city,
          ebering_ghost_reflecting_pool, enter_volcano_4
Lair:4:   layout_roguey, minmay_shoals_entry_hut
Lair:5:   layout_long_grid, uniq_nessos
Lair:6:   hangedman_lair_caniforms_friends, layout_hall_layers, slime_altar_1
Orc:1:    layout_caves
Orc:2:    st_orc_elflike, layout_caves, serial_shops, nicolae_shop_waterfront,
          uniq_azrael, uniq_sonja

Skill      XL: |  1  2  3  4  5  6  7  8  9 10 11 12 13 14 |
---------------+-------------------------------------------+-----
Conjurations   | 5 6 7 9 10 11 12 13 | 13.3
Dodging        | 2 3 4 5 6 7 8 |  8.3
Stealth        | 2 3 4 5 |  5.0
Spellcasting   | 3 4 6 7 8 10 11 12 | 12.8
Maces & Flails | 1 2 3 4 5 |  5.5
Fighting       | 1 2 3 4 |  4.1
Fire Magic     | 1 4 5 6 |  6.3
Ice Magic      | 1 2 3 |  3.1
Poison Magic   | 2 4 |  4.7
Transmutations | 1 2 |  2.9
Air Magic      | 1 2 |  2.5
Polearms       | 1 |  1.5
Hexes          | |  0.1

Action                   |  1- 3 |  4- 6 |  7- 9 | 10-12 | 13-15 || total
-------------------------+-------+-------+-------+-------+-------++-------
Melee: Club              |    11 |    16 |       |       |       ||    27
       Mace              |       |    44 |    49 |    29 |    43 ||   165
       Kick              |       |    16 |    16 |    15 |    25 ||    72
       Glaive            |       |       |       |       |    30 ||    30
 Cast: Magic Dart        |    58 |    75 |   111 |   132 |   119 ||   495
       Searing Ray       |     5 |    15 |    61 |    99 |   100 ||   280
       Foxfire           |       |       |    31 |    91 |     7 ||   129
       Hailstorm         |       |       |       |    51 |    42 ||    93
       Dazzling Flash    |       |       |       |     3 |     1 ||     4
       Conjure Flame     |       |       |       |     2 |       ||     2
       Mephitic Cloud    |       |       |       |    22 |    67 ||    89
       Ignite Poison     |       |       |       |    18 |    63 ||    81
       Ozocubu's Refrige |       |       |       |       |     1 ||     1
  Use: Scroll            |     4 |     4 |     6 |    10 |     3 ||    27
       Potion            |       |       |       |     3 |     3 ||     6
  Eat: Chunk             |     4 |     3 |    16 |    10 |    16 ||    49
       Ration            |       |     1 |       |     9 |     2 ||    12
Armor: Robe              |     6 |    44 |    23 |    49 |    70 ||   192
Dodge: Dodged            |    30 |    77 |    98 |   239 |   329 ||   773
Block: Other             |       |       |       |    71 |   109 ||   180
       Reflection        |       |       |       |       |     7 ||     7
